 Dungeon Crawl Stone Soup version 0.20-a0-947-g2784f4f (webtiles) character file.

59 iishen the Sneak (level 3, -2/18 HPs)
             Began as a Spriggan Assassin on Apr 3, 2017.
             Killed by nerve-wracking pain
             ... invoked by Grinder
              (7 damage)
             ... on level 3 of the Dungeon.
             The game lasted 00:06:03 (2080 turns).

iishen the Sneak (Spriggan Assassin)                Turns: 2080, Time: 00:06:04

Health: -2/18      AC: 10    Str:  7    XL:     3   Next: 78%
Magic:  4/4        EV: 17    Int: 12    God:
Gold:   163        SH:  0    Dex: 18    Spells: 2/2 levels left

rFire    . . .     SeeInvis +   a - +2 dagger (protect)
rCold    . . .     Gourm    .   (shield restricted)
rNeg     . . .     Faith    .   c - +0 robe
rPois    .         Spirit   .   (helmet restricted)
rElec    .         Reflect  .   d - +0 cloak
rCorr    .         Harm     .   (gloves unavailable)
MR       .....                  (boots unavailable)
Stlth    +++.......             (no amulet)
Regen    0.1/turn               (no ring)
MPRegen  0.1/turn               (no ring)

@: protection aura, very quick
A: unfitting armour, see invisible, herbivore 3, speed 3, slow metabolism 2
a: no special abilities


You were on level 3 of the Dungeon.
You were not hungry.

You visited 1 branch of the dungeon, and saw 3 of its levels.

You collected 163 gold pieces.

Inventory:

Hand Weapons
 a - a +2 dagger of protection (weapon)
 m - a +2 dagger
 w - a +0 blowgun
Missiles
 e - 8 poisoned needles
 n - 94 stones (quivered)
 p - 34 arrows
 q - 33 sling bullets
 u - 4 tomahawks of dispersal
Armour
 c - a +0 robe (worn)
 d - a +0 cloak (worn)
Jewellery
 j - an uncursed ring of stealth {unknown}
 r - an uncursed amulet of magic regeneration {unknown}
Scrolls
 b - 4 scrolls of identify {unknown}
 h - 2 scrolls of remove curse {unknown}
 i - a scroll of amnesia {unknown}
 l - a scroll of random uselessness {unknown}
 o - a scroll of immolation {unknown}
 s - a scroll of noise {unknown}
 t - a scroll of magic mapping {unknown}
Potions
 k - 3 potions of curing {unknown}
 v - a potion of berserk rage {unknown}
 x - a potion of magic {unknown}
Comestibles
 g - a bread ration


   Skills:
 - Level 1.5 Fighting
 * Level 3.8 Short Blades
 + Level 3.0 Throwing
 - Level 1.5 Dodging
 - Level 5.8 Stealth


You had 2 spell levels left.
You didn't know any spells.

Dungeon Overview and Level Annotations

Branches:
Dungeon (3/15)

Altars:

Annotations:
D:3 Grinder


Innate Abilities, Weirdness & Mutations

You are very small and have problems with some larger weapons.
You are too small for most types of armour.
You have supernaturally acute eyesight. (SInv)
You are a herbivore.
You cover ground extremely quickly.
You need consume almost no food.


Message History

Grinder blinks!
The adder barely misses you.
You hit the adder but do no damage.
The adder is severely wounded.
Grinder says, "Mostly I couldn't keep them alive."
Grinder blinks!
The adder closely misses you.
You hit the adder.
The adder is almost dead.
The adder completely misses you.
You barely miss the adder.
The adder is almost dead.
The adder bites you but does no damage.
You closely miss the adder.
The adder is almost dead.
The adder closely misses you.
You hit the adder.
You kill the adder!
Your Throwing skill increases to level 3!
Grinder gestures at you. Pain shoots through your body!
You die...

############
#..........###
#.########.... #.#
##### #.# #.# #.#
#######.#####
#((@........#
#.####.5...).#
........# #...##..#
......... ...... ...
........####...#...#.
....#.#.# #...#...#
....#.#.. ..... ..#
... #.### #####.###
.. #.


You could see Grinder.

Vanquished Creatures
  3 adders
  An ooze (D:2)
  A leopard gecko (D:2)
  A ball python (D:2)
  4 giant cockroaches
  6 goblins
  3 hobgoblins (D:1)
  5 kobolds
  A bat (D:2)
  2 plants (D:1)
27 creatures vanquished.

Notes
Turn   | Place    | Note
-------+----------+-------------------------------------------
     0 | D:1      | iishen the Spriggan Assassin began the quest for the Orb.
     0 | D:1      | Reached XP level 1. HP: 10/10 MP: 2/2
   703 | D:1      | Reached XP level 2. HP: 14/14 MP: 3/3
  1434 | D:2      | Reached XP level 3. HP: 18/18 MP: 4/4
  2061 | D:3      | Noticed Grinder
  2080 | D:3      | Killed from afar by Grinder

Vault maps used:
D:1:      roderic_lyre, serial_bayou, serial_bayou_pond_a,
          serial_bayou_lagoon_a, serial_bayou_pond_b, serial_bayou_pond_c
D:3:      first_bread, nicolae_qazlal_eye_of_the_storm, uniq_terence,
          uniq_grinder

Skill      XL: |  1  2  3 |
---------------+----------+-----
Short Blades   | 3 |  3.8
Throwing       | 3 |  3.0
Fighting       | |  1.5
Dodging        | |  1.5
Stealth        | |  5.8

Action                   || total
-------------------------++-------
Melee: Dagger            ||   300
 Fire: Blowgun           ||    28
 Stab: Sleeping          ||     4
Armor: Robe              ||     9
Dodge: Dodged            ||    35
